[Event "Titled Tuesday Blitz November 01 Early 2022"]
[White "Shuvalov, Evgenij"]
[Black "Leve, Nitai"]
[WhiteFideId "4187237"]
[BlackFideId "2006898"]
[WhiteElo "2049"]
[BlackElo "2144"]
[Result "1/2-1/2"]
[Round "03"]
[TimeControl "180+1"]
[Date "2022.11.02"]
[WhiteClock "0:00:13"]
[BlackClock "0:00:01"]

1. d4 Nf6 2. c4 g6 3. Nc3 Bg7 4. e4 d6 5. Nf3 O-O 6. Be2 Nbd7 7. O-O e5 8. Be3 Re8 9. d5 a5 10. Nd2 Rf8 11. a3 b6 12. b4 axb4 13. axb4 Rxa1 14. Qxa1 Ne8 15. f3 f5 16. c5 dxc5 17. bxc5 Nxc5 18. Bxc5 bxc5 19. Qa5 Bh6 20. Nc4 Qe7 21. Na4 fxe4 22. fxe4 Rxf1+ 23. Bxf1 Nd6 24. Qxc5 Ba6 25. Nab2 Qf7 26. Qc6 Nxe4 27. Qe6 Qxe6 28. dxe6 Bc8 29. Bd3 Nc5 30. Nxe5 Bxe6 31. Bc4 Bxc4 32. Nbxc4 Ne4 33. Kf1 Nd2+ 34. Nxd2 Bxd2 35. h3 Bf4 36. Nc6 Kf7 37. Ke2 Ke6 38. Kf3 Bd6 39. Ke4 h5 40. g4 h4 41. Nd4+ Kd7 42. Kd5 Bg3 43. Nc6 Bf4 44. Nb8+ Kc8 45. Nc6 g5 46. Ke6 Kb7 47. Kd5 Kb6 48. Nd4 c5 49. Ne6 Be3 50. Kc4 Kc6 51. Ng7 Bf4 52. Ne6 Be3 53. Ng7 Bg1 54. Ne6 Be3 1/2-1/2


[Site "https://www.chess.com"]

[Event "Titled Tuesday Blitz November 01 Early 2022"]
[White "Shuvalova, Polina"]
[Black "Schekachikhin, Maksim"]
[WhiteFideId "24171760"]
[BlackFideId "24177830"]
[WhiteElo "2392"]
[BlackElo "2272"]
[Result "0-1"]
[Round "03"]
[TimeControl "180+1"]
[Date "2022.11.02"]
[WhiteClock "0:00:03"]
[BlackClock "0:00:50"]

1. d4 Nf6 2. Nf3 b6 3. Bf4 Bb7 4. e3 g6 5. Nbd2 Bg7 6. h3 d6 7. Bd3 O-O 8. Qe2 Nbd7 9. Bh2 Re8 10. e4 e5 11. dxe5 dxe5 12. O-O-O Qe7 13. g4 Nc5 14. Bxe5 Nfxe4 15. Bxg7 Nxd2 16. Qxe7 Rxe7 17. Nxd2 Nxd3+ 18. cxd3 Bxh1 19. Bc3 Bd5 20. f4 Rae8 21. Nc4 Bxc4 22. dxc4 Re4 23. f5 Rxc4 24. Rd7 b5 25. Kd2 a5 26. b3 Rc6 27. Bxa5 Rd6+ 28. Rxd6 cxd6 29. Kc3 gxf5 30. gxf5 Re5 31. f6 Rh5 32. Kb4 Kf8 33. Bc7 Ke8 34. Bxd6 Kd7 35. Be7 Kc6 36. a4 bxa4 37. bxa4 Rxh3 38. a5 Rh4+ 39. Kc3 Kb5 40. Bd8 Re4 41. Kd3 Re6 42. Bc7 h5 43. Bg3 Kxa5 44. Kd4 Kb5 45. Kd5 Kb4 46. Kd4 Kb3 47. Kd3 Rxf6 48. Ke4 Kc4 49. Bh4 Rf1 50. Ke3 Kd5 51. Ke2 Rf5 52. Ke3 Ke6 53. Ke4 Ra5 54. Ke3 Kf5 55. Kf3 Ra3+ 56. Kg2 Kg4 57. Bf2 Ra2 58. Kg1 h4 59. Bd4 h3 60. Be5 f5 61. Bc7 f4 62. Bd6 Kg3 63. Be5 Re2 64. Bc3 Rc2 65. Be1+ Kf3 66. Kh1 Rc1 67. Kh2 Rxe1 0-1


[Site "https://www.chess.com"]

[Event "Titled Tuesday Blitz November 01 Early 2022"]
[White "Smietanska, Wiktoria"]
[Black "Manelyuk, Daniil"]
[WhiteFideId "21869359"]
[BlackFideId "44173920"]
[WhiteElo "1854"]
[BlackElo "2209"]
[Result "0-1"]
[Round "03"]
[TimeControl "180+1"]
[Date "2022.11.02"]
[WhiteClock "0:00:01"]
[BlackClock "0:00:57"]

1. c4 c5 2. Nf3 Nc6 3. Nc3 e5 4. e3 f5 5. d4 e4 6. Nd2 cxd4 7. exd4 Nf6 8. d5 Ne5 9. Nb3 Bb4 10. Nd4 O-O 11. Be2 d6 12. O-O h6 13. a3 Bxc3 14. bxc3 Ng6 15. Rb1 f4 16. a4 f3 17. gxf3 Bh3 18. Re1 Nh4 19. f4 Qe8 20. f5 Nxf5 21. Nxf5 Bxf5 22. Kh1 Nd7 23. Rg1 e3 24. Bxe3 Be4+ 25. f3 Bxb1 26. Qxb1 Qxe3 27. Qg6 Rf7 28. Bd3 Qxf3+ 29. Rg2 Nf8 0-1


[Site "https://www.chess.com"]

[Event "Titled Tuesday Blitz November 01 Early 2022"]
[White "Sokolovsky, Yahli"]
[Black "Bashirli, Saadat"]
[WhiteFideId "2820242"]
[BlackFideId "13429990"]
[WhiteElo "2316"]
[BlackElo "1408"]
[Result "1-0"]
[Round "03"]
[TimeControl "180+1"]
[Date "2022.11.02"]
[WhiteClock "0:00:33"]
[BlackClock "0:00:13"]

1. b3 d5 2. e3 c5 3. Bb2 Nc6 4. Nf3 Bg4 5. Bb5 e6 6. h3 Bxf3 7. Qxf3 Nf6 8. O-O Bd6 9. Bxc6+ bxc6 10. d3 O-O 11. Nd2 e5 12. e4 Re8 13. Rfe1 Qc7 14. Re2 Re7 15. Rae1 Rae8 16. a4 h6 17. Nf1 Re6 18. Ne3 d4 19. Nc4 Nh7 20. Bc1 Rf6 21. Qg3 Rg6 22. Qh2 Nf6 23. Kh1 Qe7 24. g4 Nh7 25. f4 exf4 26. e5 Bb8 27. Bxf4 Qe6 28. Qg2 Nf8 29. Nd6 Rd8 30. Qxc6 Nd7 31. Qf3 Nb6 32. Nf5 Nd5 33. Bd2 Bc7 34. Nh4 Rf8 35. Rf1 Ne7 36. Nxg6 Nxg6 37. Qf5 Qd5+ 38. Qe4 Qe6 39. Bf4 Rb8 40. Bg3 Re8 41. Ref2 Rf8 42. Kg1 Ne7 43. Qb7 Nd5 44. Rf5 Ne3 45. Qxc7 Nxf1 46. Rxf1 a6 47. Qd6 Qc8 48. e6 fxe6 49. Rxf8+ Qxf8 50. Qxf8+ Kxf8 51. Bd6+ Kf7 52. Bxc5 Kf6 53. Bxd4+ e5 54. Bc3 Ke6 55. Kf2 g6 56. Ke3 g5 57. Ke4 Kd6 58. Bxe5+ Kc5 59. Bg7 Kb4 60. Bxh6 Ka3 1-0


[Site "https://www.chess.com"]

[Event "Titled Tuesday Blitz November 01 Early 2022"]
[White "Sourath Biswas"]
[Black "Brown, Andrew"]
[WhiteFideId "35091484"]
[BlackFideId "3206513"]
[WhiteElo "2164"]
[BlackElo "2245"]
[Result "1-0"]
[Round "03"]
[TimeControl "180+1"]
[Date "2022.11.02"]
[WhiteClock "0:02:10"]
[BlackClock "0:00:28"]

1. d4 g6 2. e4 Bg7 3. Bf4 c6 4. Nf3 d5 5. Nc3 dxe4 6. Nxe4 Nf6 7. Bd3 Nxe4 8. Bxe4 Nd7 9. c3 O-O 10. O-O Qb6 11. Rb1 Nf6 12. Bc2 Nd5 13. Bd2 Bg4 14. h3 Bxf3 15. Qxf3 e5 16. dxe5 Bxe5 17. Bh6 Rfe8 18. Bb3 Rad8 19. Rfe1 Qc7 20. Rbd1 Bh2+ 21. Kf1 Rxe1+ 22. Rxe1 Be5 23. Rd1 Qd6 24. c4 1-0


[Site "https://www.chess.com"]

[Event "Titled Tuesday Blitz November 01 Early 2022"]
[White "Sovetbekova, Nurai"]
[Black "Lee, Linden"]
[WhiteFideId "13801910"]
[BlackFideId "30941830"]
[WhiteElo "1925"]
[BlackElo "2476"]
[Result "0-1"]
[Round "03"]
[TimeControl "180+1"]
[Date "2022.11.02"]
[WhiteClock "0:00:01"]
[BlackClock "0:02:26"]

1. d4 Nf6 2. c4 g6 3. Nc3 Bg7 4. e4 d6 5. Nge2 O-O 6. Ng3 c5 7. d5 e6 8. h4 exd5 9. cxd5 h5 10. Be2 a6 11. a4 Re8 12. Bg5 Qc7 13. Qd2 Nbd7 14. Nf1 Ne5 15. Ne3 Bd7 16. Bxf6 Bxf6 17. f4 Ng4 18. Nxg4 Bxg4 19. Bxg4 Bxc3 20. Qxc3 Rxe4+ 21. Be2 Rae8 22. O-O-O Rxe2 23. f5 R8e3 24. Rd3 Qe7 25. fxg6 fxg6 26. Rhd1 Rxd3 27. Qxd3 Qe3+ 28. Qxe3 Rxe3 29. Kd2 Re4 30. g3 Rxa4 31. Re1 Rd4+ 32. Kc3 Rxd5 33. Re7 b5 34. Ra7 b4+ 35. Kb3 Rd3+ 36. Kc4 Rxg3 37. Rxa6 Rg4+ 38. Kd5 Rd4+ 39. Ke6 Rxh4 40. Kf6 Rg4 41. Rxd6 Kh7 42. Rd7+ Kh6 43. Rd8 Rf4+ 44. Ke5 Rf5+ 45. Ke6 Kg5 46. Rd1 h4 47. Rg1+ Kh5 48. Rg2 Rf3 49. Ke5 h3 50. Rg1 g5 51. Ke4 g4 52. Rd1 Kh4 53. Rd8 Kg3 54. Rd1 h2 55. Rh1 Kg2 0-1


[Site "https://www.chess.com"]

[Event "Titled Tuesday Blitz November 01 Early 2022"]
[White "Srebrnic, Marko"]
[Black "Cadena M, Gustavo Adolfo"]
[WhiteFideId "14603616"]
[BlackFideId "4404815"]
[WhiteElo "2340"]
[BlackElo "2241"]
[Result "1-0"]
[Round "03"]
[TimeControl "180+1"]
[Date "2022.11.02"]
[WhiteClock "0:00:21"]
[BlackClock "0:00:01"]

1. e4 c5 2. Nf3 d6 3. d4 cxd4 4. Nxd4 Nf6 5. Nc3 a6 6. Bc4 e6 7. O-O Be7 8. Bb3 O-O 9. f4 Qc7 10. f5 e5 11. Nde2 Nbd7 12. Bg5 b5 13. Bxf6 Nxf6 14. Ng3 Bb7 15. Nh5 a5 16. Nxf6+ Bxf6 17. Bd5 b4 18. Bxb7 bxc3 19. Bxa8 cxb2 20. Rb1 Rxa8 21. Rxb2 Bg5 22. Qd3 Rc8 23. g3 h5 24. Kg2 h4 25. Rf3 Bc1 26. Rb5 Qxc2+ 27. Qxc2 Rxc2+ 28. Rf2 h3+ 29. Kf1 Rc4 30. Re2 a4 31. Rb8+ Kh7 32. g4 Ba3 33. Re3 Rc1+ 34. Ke2 Rc2+ 35. Kd1 Rxh2 36. Rxa3 Kh6 37. Rh8+ Kg5 38. Rhxh3 Rb2 39. Rxa4 Kxg4 40. Rd3 g6 41. fxg6 fxg6 42. Rxd6 g5 43. Rf6 Kh3 44. Ra3+ Kh4 45. Ke1 g4 46. Kf1 g3 47. Rh6+ Kg5 48. Rh8 Kf4 49. Rf8+ Kxe4 50. Rxg3 Rxa2 51. Rg4+ Kd5 52. Rd8+ Ke6 53. Re8+ Kf5 54. Rh4 Ra1+ 55. Ke2 Ra2+ 56. Kd3 Ra3+ 57. Kc2 Ra5 58. Kb3 Rb5+ 59. Ka4 Rd5 60. Kb4 1-0


[Site "https://www.chess.com"]

[Event "Titled Tuesday Blitz November 01 Early 2022"]
[White "Stribuk, Artiom"]
[Black "Nozdrachev, Leonid"]
[WhiteFideId "13515659"]
[BlackFideId "24113433"]
[WhiteElo "2279"]
[BlackElo "2249"]
[Result "1-0"]
[Round "03"]
[TimeControl "180+1"]
[Date "2022.11.02"]
[WhiteClock "0:00:32"]
[BlackClock "0:00:04"]

1. d4 Nf6 2. c4 e6 3. g3 c5 4. Nf3 g6 5. Bg2 cxd4 6. Nxd4 Bg7 7. O-O O-O 8. e4 d6 9. Nc3 Nc6 10. Be3 Ng4 11. Qxg4 Nxd4 12. Qd1 Qb6 13. Rc1 Bd7 14. b3 Bc6 15. Qd3 e5 16. Rfd1 Qa5 17. Bxd4 exd4 18. Ne2 Rfe8 19. Rc2 f5 20. exf5 Bxg2 21. Kxg2 Qxf5 22. Qxf5 gxf5 23. Nxd4 Bxd4 24. Rxd4 Re6 25. Rd5 Rf6 26. Rcd2 Re8 27. Rxd6 Rxd6 28. Rxd6 Re2 29. Rd8+ Kf7 30. Rd7+ Kg6 31. Rxb7 Rxa2 32. b4 Rc2 33. c5 a5 34. bxa5 Rxc5 35. a6 Ra5 36. a7 Ra3 37. h3 h6 38. Rc7 Kg5 39. f4+ Kg6 40. g4 h5 41. g5 h4 42. Kf2 Kh5 43. Ke2 Ra6 44. Rh7+ Kg6 45. Rh6+ Kg7 46. Rxa6 1-0


[Site "https://www.chess.com"]

[Event "Titled Tuesday Blitz November 01 Early 2022"]
[White "Suleymanli, Aydin"]
[Black "Goroshkov, Maksym"]
[WhiteFideId "13413937"]
[BlackFideId "14142716"]
[WhiteElo "2481"]
[BlackElo "2257"]
[Result "1/2-1/2"]
[Round "03"]
[TimeControl "180+1"]
[Date "2022.11.01"]
[WhiteClock "0:00:06"]
[BlackClock "0:00:15"]

1. e4 e5 2. Nf3 d6 3. d4 Bg4 4. dxe5 Nd7 5. exd6 Bxd6 6. h3 Bh5 7. Be2 Ngf6 8. Nc3 Qe7 9. O-O O-O-O 10. Nh4 Bg6 11. Nf5 Bxf5 12. exf5 Qe5 13. f4 Qxf5 14. Be3 Rhe8 15. Bd3 Qa5 16. Bd2 Qc5+ 17. Kh1 Nh5 18. Qf3 g6 19. Ne4 Qc6 20. b4 Rxe4 21. b5 Qd5 22. g4 Nhf6 23. g5 Nh5 24. Bxe4 Qxe4 25. Qxe4 Ng3+ 26. Kg2 Nxe4 27. Be3 Bc5 28. Rae1 Bxe3 29. Rxe3 Ndc5 30. Rfe1 Rd2+ 31. R1e2 Rxe2+ 32. Rxe2 Kd7 33. c4 Ke6 34. Re1 Kf5 35. Rd1 Kxf4 36. Rf1+ Kxg5 37. Rxf7 Ne6 38. Rxh7 Kf4 39. a4 b6 40. Rh8 N4c5 41. Ra8 Nxa4 42. Rxa7 Nb2 43. Ra2 Nd3 44. Re2 Kf5 45. Re3 Ne5 46. Rc3 Nc5 47. h4 Kg4 48. Rg3+ Kxh4 49. Re3 Nxc4 50. Re7 Nd6 51. Rxc7 Nxb5 52. Rc6 g5 53. Rxb6 Nc7 54. Rc6 N7e6 55. Rc8 Ne4 56. Rh8+ Kg4 57. Rg8 Nf4+ 58. Kf1 Kf3 59. Rxg5 Nxg5 1/2-1/2


[Site "https://www.chess.com"]

[Event "Titled Tuesday Blitz November 01 Early 2022"]
[White "Suleymanli, Suleyman"]
[Black "Vovk, Orest"]
[WhiteFideId "13416375"]
[BlackFideId "14113490"]
[WhiteElo "2204"]
[BlackElo "2215"]
[Result "1-0"]
[Round "03"]
[TimeControl "180+1"]
[Date "2022.11.02"]
[WhiteClock "0:00:59"]
[BlackClock "0:00:02"]

1. d4 e5 2. dxe5 Nc6 3. Nf3 Qe7 4. Nc3 Nxe5 5. Nd5 Nxf3+ 6. gxf3 Qd8 7. Bf4 d6 8. Qd3 Ne7 9. O-O-O Nxd5 10. Qxd5 Be6 11. Qxb7 Be7 12. Be5 O-O 13. Bc3 Bf6 14. Qb4 Rb8 15. Bxf6 Qxf6 16. Qd4 Qh6+ 17. e3 Bxa2 18. Qxa7 Be6 19. Qxc7 Rfc8 20. Qxd6 Ra8 21. Bd3 Qf6 22. Qd4 Qxf3 23. Qf4 Qb7 24. Qe4 Ra1+ 25. Kd2 Rxd1+ 26. Rxd1 Qxb2 27. Qxh7+ Kf8 28. Ke2 Bg4+ 29. f3 Be6 30. Rg1 g6 31. h4 Rc3 32. Qh6+ Ke8 33. Qh8+ Ke7 34. Qd4 Rxc2+ 35. Bxc2 Qxc2+ 36. Qd2 Bc4+ 37. Ke1 Qb1+ 38. Kf2 Qf5 39. Qb4+ Kf6 1-0


[Site "https://www.chess.com"]

[Event "Titled Tuesday Blitz November 01 Early 2022"]
[White "Terry, Renato"]
[Black "Atabayev, Yusup"]
[WhiteFideId "3803457"]
[BlackFideId "14001128"]
[WhiteElo "2577"]
[BlackElo "2454"]
[Result "0-1"]
[Round "03"]
[TimeControl "180+1"]
[Date "2022.11.01"]
[WhiteClock "0:00:05"]
[BlackClock "0:00:40"]

1. d4 Nf6 2. Bg5 c5 3. Bxf6 gxf6 4. d5 f5 5. c4 Bg7 6. Qc2 d6 7. Nc3 O-O 8. e3 Na6 9. Nh3 Kh8 10. a3 Nc7 11. Bd3 e6 12. Nf4 e5 13. Nh5 e4 14. Be2 Be5 15. g3 a6 16. a4 b6 17. O-O Rb8 18. f4 exf3 19. Rxf3 Qg5 20. Nf4 Bd7 21. Raf1 Rg8 22. b3 Ne8 23. Bd3 Ng7 24. Ng2 Rbe8 25. Nd1 Qh6 26. Nf4 f6 27. Nf2 Re7 28. N2h3 Rge8 29. Kg2 Rg8 30. R1f2 Rge8 31. Rf1 Rg8 32. Kh1 Be8 33. Bxf5 Nxf5 34. Qxf5 Bg6 35. Nxg6+ hxg6 36. Qg4 Rh7 37. Kg2 f5 38. Qh4 Qxh4 39. gxh4 Rxh4 40. Rh1 Kg7 41. Nf4 Kf6 42. Rh3 Rgh8 43. Rxh4 Rxh4 44. Ne6 b5 45. axb5 axb5 46. cxb5 Rb4 47. Nc7 Rxb3 48. Kf2 g5 49. h3 g4 50. hxg4 fxg4 51. Ke2 c4 52. Rc1 Rb2+ 53. Kf1 c3 54. Ne6 g3 55. Nd4 Bxd4 56. exd4 c2 57. Kg2 Kf5 58. b6 Ke4 59. b7 Kd3 60. Kxg3 Rxb7 61. Kf4 Rb1 62. Rxc2 Kxc2 63. Kf5 Kd3 64. Ke6 Rb6 65. Kd7 Kxd4 66. Kc7 Kc5 0-1


[Site "https://www.chess.com"]

[Event "Titled Tuesday Blitz November 01 Early 2022"]
[White "Terzi, Alexei"]
[Black "Karas, Marek"]
[WhiteFideId "13505076"]
[BlackFideId "14928558"]
[WhiteElo "2172"]
[BlackElo "2220"]
[Result "1/2-1/2"]
[Round "03"]
[TimeControl "180+1"]
[Date "2022.11.02"]
[WhiteClock "0:00:03"]
[BlackClock "0:00:04"]

1. e4 e6 2. d4 d5 3. e5 c5 4. c3 Nc6 5. Nf3 Qb6 6. a3 c4 7. Nbd2 f6 8. Be2 fxe5 9. Nxe5 Nxe5 10. dxe5 Bc5 11. O-O Ne7 12. Bh5+ g6 13. Bg4 O-O 14. Nf3 Bd7 15. Qe2 Nf5 16. Bg5 Bb5 17. a4 Bc6 18. Bf6 Qc7 19. Bxf5 gxf5 20. Nd4 Bxd4 21. cxd4 Qf7 22. Ra3 h6 23. Rg3+ Kh7 24. Rg7+ Qxg7 25. Bxg7 Kxg7 26. Ra1 a5 27. Ra3 Kh7 28. Qd2 Rg8 29. g3 b6 30. Qd1 Rac8 31. Rf3 Be8 32. Rf4 Rc7 33. Rh4 Rg5 34. Qd2 Kg7 35. Qc2 Kh7 36. Qc1 Kg7 37. Rxh6 Kxh6 38. h4 Rg7 39. hxg5+ Rxg5 40. Kg2 Kg6 41. Qd1 Rg4 42. f4 Kg7 43. b3 Bc6 44. Qc2 Rg6 45. Qc3 Rh6 46. b4 Bxa4 47. bxa5 bxa5 48. Qxa5 Be8 49. Qc7+ Bf7 50. Qc8 Rh8 51. Qd7 Rh6 52. Qe7 Rg6 53. Kf2 Rh6 54. Kg2 Rg6 55. Qd7 Rh6 56. Qc7 Rg6 57. Qc8 Rh6 58. Qd8 Rg6 59. Qh4 Rh6 60. Qd8 Rg6 61. Qb6 Rh6 62. Qc5 Rg6 63. Kf2 Rh6 64. Qc7 Rh2+ 65. Kg1 Rh3 66. Kg2 Rh6 67. Qd8 1/2-1/2


[Site "https://www.chess.com"]

[Event "Titled Tuesday Blitz November 01 Early 2022"]
[White "Tharushi, T H D Niklesha"]
[Black "Korelskiy, Egor"]
[WhiteFideId "9918264"]
[BlackFideId "34329064"]
[WhiteElo "1596"]
[BlackElo "2053"]
[Result "0-1"]
[Round "03"]
[TimeControl "180+1"]
[Date "2022.11.02"]
[WhiteClock "0:00:27"]
[BlackClock "0:00:09"]

1. e4 c5 2. Nf3 e6 3. d4 cxd4 4. Nxd4 a6 5. Nc3 Qc7 6. Be3 Nf6 7. f3 Bb4 8. Qd2 d5 9. Bd3 e5 10. O-O exd4 11. Bxd4 Bc5 12. Qe3 Bxd4 13. Qxd4 Nc6 14. Nxd5 Nxd5 15. Qxg7 Qe5 16. Qxe5+ Nxe5 17. exd5 Nxd3 18. cxd3 Bf5 19. d4 Kd7 20. Rfe1 Rac8 21. Re5 Bg6 22. f4 f5 23. Rae1 Rhe8 24. h4 Rcd8 25. R1e2 Kd6 26. Kh2 Rc8 27. b3 Rcd8 28. Kh3 Bh5 29. R2e3 Bg6 30. g4 fxg4+ 31. Kxg4 Rg8 32. Kh3 Bf7 33. Re7 Bxd5 34. Rxh7 Rg6 35. h5 Rf6 36. Kg3 Rg8+ 37. Kf2 Rxf4+ 38. Ke2 Rxd4 39. Rh6+ Kc7 40. Rc3+ Kb8 41. Ke3 Re4+ 42. Kd2 Bc6 43. Rh7 Rh4 44. h6 Rg6 45. Rh8+ Ka7 46. h7 Rgh6 47. Rc4 Rh2+ 48. Kc3 Rxh7 49. Rxh7 Rxh7 50. Kb4 Rh2 51. Ka3 Kb6 52. Rb4+ Kc7 53. Rc4 b5 54. Rc5 a5 55. b4 Rh3+ 56. Kb2 axb4 57. Rc3 bxc3+ 58. Kc2 b4 59. Kb3 Bd5+ 60. Kc2 Rh2+ 61. Kc1 Be4 62. a4 Rh1# 0-1


[Site "https://www.chess.com"]

[Event "Titled Tuesday Blitz November 01 Early 2022"]
[White "Timofeev, Artyom"]
[Black "Tokhirjonova, Gulrukhbegim"]
[WhiteFideId "4140419"]
[BlackFideId "14203626"]
[WhiteElo "2579"]
[BlackElo "2236"]
[Result "1-0"]
[Round "03"]
[TimeControl "180+1"]
[Date "2022.11.02"]
[WhiteClock "0:00:21"]
[BlackClock "0:00:26"]

1. d4 Nf6 2. Bf4 g6 3. Nc3 d5 4. e3 Bg7 5. h4 c6 6. Be2 h5 7. Nf3 Qb6 8. a3 Bf5 9. Rb1 Nbd7 10. O-O O-O 11. Bd3 Bg4 12. Be2 Rfe8 13. Ne5 Bxe2 14. Nxe2 Nxe5 15. Bxe5 Ng4 16. Bxg7 Kxg7 17. Qd2 e5 18. dxe5 Rxe5 19. Nf4 Rae8 20. b4 Qd8 21. g3 a6 22. Kg2 Kh7 23. Qd3 Re4 24. Rbd1 Qd7 25. c4 Nxe3+ 26. fxe3 Rxe3 27. Nxh5 Qc7 28. Qb1 Kh8 29. Nf4 dxc4 30. Rde1 c3 31. Rxe3 Rxe3 32. Re1 Qe5 33. Rf1 Qd4 34. Rf2 b6 35. Qc2 a5 36. bxa5 bxa5 37. a4 c5 38. Re2 c4 39. Rxe3 Qxe3 40. Ne2 Qd2 41. Qxc3+ Qxc3 42. Nxc3 f5 43. Kf3 Kg7 44. Ke3 Kf6 45. Kd4 g5 46. hxg5+ Kxg5 47. Kxc4 Kg4 48. Ne2 Kf3 49. Nd4+ Kxg3 50. Nxf5+ Kf4 51. Nd6 Ke5 52. Kc5 Ke6 53. Nb7 Kd7 54. Nxa5 Kc7 55. Kb5 Kb8 56. Kb6 Ka8 57. Nb3 Kb8 58. Nd4 Ka8 59. Nb5 Kb8 60. a5 Ka8 61. a6 Kb8 62. a7+ Ka8 63. Nc7# 1-0


[Site "https://www.chess.com"]

[Event "Titled Tuesday Blitz November 01 Early 2022"]
[White "Tleptsok, Ruslan"]
[Black "Chernov, Mikhail"]
[WhiteFideId "24104485"]
[BlackFideId "24143170"]
[WhiteElo "2130"]
[BlackElo "2113"]
[Result "1-0"]
[Round "03"]
[TimeControl "180+1"]
[Date "2022.11.02"]
[WhiteClock "0:01:46"]
[BlackClock "0:00:03"]

1. e4 c5 2. Nf3 Nc6 3. c3 Nf6 4. e5 Nd5 5. d4 cxd4 6. Bc4 Nb6 7. Bb3 d5 8. exd6 Qxd6 9. O-O Be6 10. Na3 g6 11. Nb5 Qd7 12. Bxe6 fxe6 13. Re1 Bg7 14. Rxe6 O-O 15. Re1 e5 16. Qb3+ Kh8 17. Nxa7 Nd5 18. Nxc6 bxc6 19. cxd4 exd4 20. Bg5 Nf4 21. Bxf4 Rxf4 22. a4 c5 23. a5 d3 24. a6 Rb4 25. Qd1 Rxb2 26. Ne5 Bxe5 27. Rxe5 Rxf2 28. Re3 Qd4 29. Rxd3 Qf6 30. a7 h5 31. Rd6 Qb2 32. Rxg6 1-0


[Site "https://www.chess.com"]

[Event "Titled Tuesday Blitz November 01 Early 2022"]
[White "Toelly, Michael"]
[Black "Yurasova, Daria"]
[WhiteFideId "1625330"]
[BlackFideId "34146919"]
[WhiteElo "2090"]
[BlackElo "2044"]
[Result "1-0"]
[Round "03"]
[TimeControl "180+1"]
[Date "2022.11.02"]
[WhiteClock "0:02:05"]
[BlackClock "0:00:10"]

1. e4 e5 2. Nf3 Nc6 3. Bb5 a6 4. Ba4 Nf6 5. O-O b5 6. Bb3 Bb7 7. Re1 Be7 8. c3 O-O 9. d4 d6 10. Bg5 h6 11. Bh4 Re8 12. Nbd2 Qd7 13. Nf1 Rad8 14. a4 Nh7 15. Bxe7 Qxe7 16. axb5 axb5 17. Qd3 b4 18. Ng3 bxc3 19. bxc3 Ra8 20. Nf5 Qd7 21. Ba4 Rxa4 22. Rxa4 Nxd4 23. Rb4 Nxf3+ 24. Qxf3 Ba8 25. Qg4 Ng5 26. Nxh6+ 1-0


[Site "https://www.chess.com"]

[Event "Titled Tuesday Blitz November 01 Early 2022"]
[White "Vachylia, Andrii"]
[Black "Rustemov, Alexander"]
[WhiteFideId "14137224"]
[BlackFideId "4119002"]
[WhiteElo "2318"]
[BlackElo "2946"]
[Result "1-0"]
[Round "03"]
[TimeControl "180+1"]
[Date "2022.11.01"]
[WhiteClock "0:00:11"]
[BlackClock "0:00:02"]

1. e4 e6 2. d4 d5 3. Nc3 dxe4 4. Nxe4 Bd7 5. Nf3 Bc6 6. Bd3 Nd7 7. O-O Ngf6 8. Re1 Be7 9. c3 Nxe4 10. Bxe4 Bxe4 11. Rxe4 O-O 12. Qe2 c5 13. Rg4 Nf6 14. Rg3 cxd4 15. Bh6 Nh5 16. Qe5 Qd5 17. Rxg7+ Kh8 18. Qxd5 exd5 19. Rg4 Rfd8 20. Nxd4 Bf8 21. Bg5 Re8 22. Rh4 Ng7 23. Bf6 Be7 24. Rf4 Bxf6 25. Rxf6 Kg8 26. Kf1 Ne6 27. Nxe6 Rxe6 28. Rxe6 fxe6 29. Re1 Kf7 30. Ke2 b5 31. Kd3 Kf6 32. f4 h5 33. Re5 Rg8 34. g3 h4 35. Rg5 Rh8 36. g4 h3 37. Rh5 Rg8 38. Rh6+ Ke7 39. g5 Rf8 40. Ke3 a5 41. Rxh3 b4 42. cxb4 axb4 43. Rh7+ Kd6 44. g6 Rf6 45. Rh6 Rf8 46. g7 Rg8 47. Rg6 Ke7 48. Kd4 Kf7 49. Rg5 Kf6 50. h4 Rxg7 51. Rxg7 Kxg7 52. Kc5 Kf6 53. h5 Kf5 54. Kxb4 d4 55. h6 Kg6 56. Kc4 Kxh6 57. Kxd4 Kg6 58. Ke5 1-0


[Site "https://www.chess.com"]

[Event "Titled Tuesday Blitz November 01 Early 2022"]
[White "Vaibhav Jayant Raut"]
[Black "Mladenovic, Stefan"]
[WhiteFideId "5089034"]
[BlackFideId "942227"]
[WhiteElo "2147"]
[BlackElo "2337"]
[Result "0-1"]
[Round "03"]
[TimeControl "180+1"]
[Date "2022.11.02"]
[WhiteClock "0:00:10"]
[BlackClock "0:00:23"]

1. d4 Nf6 2. Nf3 e6 3. Bf4 c5 4. e3 cxd4 5. exd4 b6 6. Nbd2 Bb7 7. c3 Be7 8. Bd3 O-O 9. h3 d6 10. O-O Nbd7 11. a4 a6 12. Re1 Re8 13. Bh2 Nf8 14. Qb1 Ng6 15. Ng5 Bf8 16. Nge4 Nd5 17. Bf1 Ndf4 18. Bxf4 Nxf4 19. g3 Ng6 20. Bg2 d5 21. h4 dxe4 22. Nxe4 Rb8 23. h5 Nh8 24. Qd1 f5 25. Nd2 Bxg2 26. Kxg2 Qd5+ 27. Kg1 Nf7 28. Qe2 e5 29. Qxa6 exd4 30. cxd4 Qxd4 31. Nf3 Qxb2 32. Qc4 Qf6 33. Rad1 Bc5 34. Rxe8+ Rxe8 35. Rd7 Qe6 36. Qxe6 Rxe6 37. Rd2 g6 38. hxg6 hxg6 39. Rc2 Ne5 40. Ng5 Rc6 41. Re2 Ng4 42. Nh3 Rd6 43. Kg2 Rd1 44. Rc2 Ra1 45. Nf4 Kf7 46. Nd3 Rxa4 47. Nxc5 bxc5 48. Rxc5 Ra2 49. Kh3 Nxf2+ 50. Kh4 Ne4 51. Rc7+ Kf6 52. Kh3 Ng5+ 53. Kh4 Rh2# 0-1


[Site "https://www.chess.com"]

[Event "Titled Tuesday Blitz November 01 Early 2022"]
[White "Vasques, Antonio Pedro Freixial"]
[Black "Omariev, Maksim"]
[WhiteFideId "1908332"]
[BlackFideId "4193423"]
[WhiteElo "2243"]
[BlackElo "2404"]
[Result "0-1"]
[Round "03"]
[TimeControl "180+1"]
[Date "2022.11.02"]
[WhiteClock "0:00:11"]
[BlackClock "0:00:04"]

1. e4 c5 2. Nc3 Nc6 3. Bb5 Nd4 4. Nf3 Nxb5 5. Nxb5 a6 6. Nc3 b5 7. d4 cxd4 8. Qxd4 Bb7 9. Bg5 d6 10. O-O-O h6 11. Bh4 Nf6 12. e5 dxe5 13. Qxe5 Qb8 14. Bxf6 gxf6 15. Qd4 Bc6 16. Rhe1 Rg8 17. Qxf6 Rg6 18. Qd4 Bg7 19. Ne5 Qb7 20. Nxg6 Bxd4 21. Rxe7+ Qxe7 22. Nxe7 Kxe7 23. Rxd4 Bxg2 24. Kd2 Rg8 25. a4 Bc6 26. axb5 axb5 27. Nd5+ Ke6 28. Ne3 f5 29. f4 Rg1 30. Rd8 Rh1 31. Rf8 Rxh2+ 32. Kc3 Be4 33. Re8+ Kf7 34. Re5 Kg6 35. Rxb5 h5 36. Rb6+ Kg7 37. Kd4 Bxc2 38. Rb7+ Kf6 39. Rb6+ Kf7 40. Rb7+ Ke6 41. Rb6+ Kd7 42. Nxc2 Rxc2 43. Rh6 Rh2 44. Ke5 h4 45. Kxf5 h3 46. Kg4 Rxb2 47. Rxh3 Ke6 48. Rh6+ Kf7 49. Kf5 Rb5+ 50. Kg4 Rb4 51. Kg5 Rb5+ 52. f5 Rb1 53. Rh7+ Kg8 54. Rb7 Rxb7 0-1


[Site "https://www.chess.com"]

[Event "Titled Tuesday Blitz November 01 Early 2022"]
[White "Velikanov, Alexander"]
[Black "Le, Tuan Minh"]
[WhiteFideId "2039290"]
[BlackFideId "12401153"]
[WhiteElo "2259"]
[BlackElo "2530"]
[Result "0-1"]
[Round "03"]
[TimeControl "180+1"]
[Date "2022.11.01"]
[WhiteClock "0:01:11"]
[BlackClock "0:02:09"]

1. e4 c5 2. Nc3 Nc6 3. Bb5 Nd4 4. Nf3 e6 5. O-O a6 6. Bd3 Nc6 7. b3 g6 8. Bb2 Bg7 9. Re1 d6 10. Bf1 Nge7 11. Na4 e5 12. Nc3 O-O 13. Nd5 Be6 14. Bc4 b5 15. Nxe7+ Qxe7 16. Bd5 Bxd5 17. exd5 Nb4 18. d4 cxd4 19. Nxd4 Qb7 20. Nc6 Nxc6 21. dxc6 Qxc6 22. Qd3 e4 0-1


[Site "https://www.chess.com"]

[Event "Titled Tuesday Blitz November 01 Early 2022"]
[White "Vifleemskaia, Svetlana"]
[Black "Lawson, Eric"]
[WhiteFideId "4129490"]
[BlackFideId "2604116"]
[WhiteElo "1929"]
[BlackElo "2534"]
[Result "1-0"]
[Round "03"]
[TimeControl "180+1"]
[Date "2022.11.02"]
[WhiteClock "0:00:10"]
[BlackClock "0:00:03"]

1. d4 d5 2. c4 c6 3. cxd5 cxd5 4. Bf4 Nc6 5. e3 Nf6 6. Nc3 a6 7. Bd3 e6 8. Rc1 Bd6 9. Bxd6 Qxd6 10. f4 Bd7 11. Nf3 h6 12. O-O g5 13. Ne5 gxf4 14. exf4 Nxd4 15. Bg6 fxg6 16. Qxd4 Rg8 17. Rce1 Qe7 18. Qd3 O-O-O 19. Qd4 Kb8 20. b4 Rc8 21. Rb1 g5 22. f5 exf5 23. Nxd5 Nxd5 24. Qxd5 Bc6 25. Nxc6+ bxc6 26. Qxf5 Rgf8 27. Qd3 Kb7 28. h3 Rcd8 29. Qc4 Qe3+ 30. Kh1 Rf4 31. Rxf4 gxf4 32. Rf1 Rd4 33. Qf7+ Kb6 34. a3 Kb5 35. Qf5+ Ka4 36. Qa5+ Kb3 37. Rf3 Qxf3 38. gxf3 Rd1+ 39. Kg2 Rd2+ 40. Kf1 Rd3 41. Ke2 Re3+ 42. Kf2 Rc3 43. Qxa6 Rc2+ 44. Ke1 Rc1+ 45. Kd2 Rc3 46. b5 c5 47. b6 c4 48. b7 Rc2+ 49. Kd1 1-0


[Site "https://www.chess.com"]